Unix NetHack Version 3.7.0-59 Work-in-progress - last build May 16 2022 12:43:45 (a5643931ae982fe3d73c1e8fa12183825c7d6632,branch:master). Game began 2022-05-15 19:25:07, ended 2022-05-16 18:10:21. spontiff, neutral male gnomish Healer ----- |...| - |<... . |...| # ---.- ## ## ######## @ # ### #i# ---.--# |.....# |....| .....| |....| ------ Spontiff the Rhizotomist St:7 Dx:11 Co:15 In:9 Wi:16 Ch:17 Neutral S:650 Dlvl:14 $:49 HP:0(40) Pw:6(6) AC:0 Xp:1/0 T:3856 Latest messages: In what direction? l The door resists! In what direction? l The door resists! In what direction? l The door resists! In what direction? l The door resists! In what direction? l The door closes. What do you want to use or apply? [ost or ?*] k You don't have that object. What do you want to use or apply? [ost or ?*] Never mind. You hear a door open. The winter wolf cub bites! The blast of frost whizzes by you! $ - 22 gold pieces. You can't go down here. You descend the stairs. The quasit hits! The quasit hits! The quasit bites! The quasit hits! The quasit hits! The quasit bites! The quasit misses! The quasit hits! The quasit bites! The quasit hits! The quasit hits! The quasit bites! The quasit hits! The quasit misses! The quasit bites! The quasit hits! The quasit hits! The quasit bites! What do you want to write with? [- t or ?*] - You write in the dust with your fingertip. What do you want to write in the dust here? Elbereth The quasit hits! The quasit misses! The quasit bites! The quasit misses! The quasit hits! The quasit bites! You die... Do you want your possessions identified? [ynq] (y) y Do you want to see the dungeon overview? [ynq] (y) y Major events: Turn 1: spontiff the neutral male gnomish Healer entered the dungeon 612: entered the Gnomish Mines 1446: reached Mine Town 3856: killed by a quasit Inventory: Coins $ - 49 gold pieces Armor v - an uncursed +0 pair of high boots (being worn) r - an uncursed +1 small shield (being worn) q - an uncursed +0 dwarvish cloak (being worn) d - an uncursed +0 leather armor (being worn) Comestibles y - an uncursed berried treasure n - 2 uncursed food rations Potions c - an uncursed potion of healing Tools o - an uncursed magic whistle s - an uncursed stethoscope t - an uncursed towel Spontiff the Healer's attributes: Background: You were a Rhizotomist, a level 1 male gnomish Healer. You were neutral, on a mission for Hermes who was opposed by Athena (lawful) and Poseidon (chaotic). You were in the Dungeons of Doom, on level 14. You entered the dungeon 3856 turns ago. There was a full moon in effect when your adventure ended. You had 0 experience points, 20 were needed to attain level 2. Your score was 650 before end-of-game adjustments. Basics: You had 0 out of 40 hit points. You had all 6 energy points (spell power). Your armor class was 0. Your wallet contained 49 zorkmids. Autopickup was on for '$!/="?' plus thrown, with exceptions. Final Characteristics: Your strength was 7 (limit:18/50). Your dexterity was 11 (limit:18). Your constitution was 15 (limit:18). Your intelligence was 9 (limit:19). Your wisdom was 16 (limit:18). Your charisma was 17 (limit:18). Final Status: You were not hungry. You were unencumbered. You were bare handed. You were unskilled in bare handed combat. Final Attributes: You were devoutly aligned. You were poison resistant. You had infravision. You had a small defense bonus (+4). You were warded. You were lucky. You are dead. Miscellaneous: You encountered 1 bones level. Total elapsed playing time was 1 hour and 57 seconds. Vanquished creatures: 2 small mimics a large dog 4 watchmen 2 gnome leaders a gnomish wizard 2 kittens 4 dwarves 2 kobold shamans an iguana an acid blob a coyote a hobbit 2 manes 2 large kobolds 3 giant rats a cave spider 2 yellow molds 2 green molds a red mold 6 gnomes 3 geckos 4 jackals a fox 4 kobolds 2 goblins 2 sewer rats 4 grid bugs 2 bats 6 lichens a kobold zombie 6 newts 76 creatures vanquished. No species were genocided or became extinct. Voluntary challenges: You never hit with a wielded weapon. You were a pacifist. You read items or engraved 12 times. You engraved Elbereth 4 times. You never genocided any monsters. You never polymorphed an object. You never changed form. You used no wishes. Achievements: You entered the Gnomish Mines. You entered Minetown. You entered a shop. You entered a temple. The Dungeons of Doom: levels 1 to 14 Level 1: Level 2: Stairs down to The Gnomish Mines. Level 3: A fountain. Level 4: A sink. Level 5: A sink. Level 6: Final resting place for Grasshopper-Wiz-Hum-Mal-Neu, killed by a lynx. Level 7: Level 8: A fountain. Level 9: Level 10: A fountain. Level 11: Level 12: A grave. Level 13: Summoned by Hippocrates. Level 14: <- You were here. Final resting place for you, killed by a quasit. The Gnomish Mines: levels 3 to 5 Level 3: "magic trap" Level 4: Level 5: Many shops, a temple, some fountains. Game over: ---------- / \ / REST \ / IN \ / PEACE \ / \ | spontiff | | 49 Au | | killed by a | | quasit | | | | | | 2022 | *| * * * | * _________)/\\_//(\/(/\)/\//\/|_)_______ Goodbye spontiff the Healer... You died in The Dungeons of Doom on dungeon level 14 with 650 points, and 49 pieces of gold, after 3856 moves. You were level 1 with a maximum of 40 hit points when you died.